 Dungeon Crawl Stone Soup version 0.27.1 (webtiles) character file.

Game seed: 17306185586567707966

561620 ZARRMARR the Intangible (level 27, -20/235 HPs)
             Began as a Merfolk Gladiator on Sept 2, 2021.
             Was a High Priest of Sif Muna.
             Demolished by a large abomination (29 damage)
             ... on level 2 of the Abyss on Sept 3, 2021.
             The game lasted 15:24:02 (114239 turns).

ZARRMARR the Intangible (Merfolk Gladiator)       Turns: 114239, Time: 15:24:03

Health: -20/235    AC: 12    Str: 24    XL:     27
Magic:  9/9        EV: 55    Int: 14    God:    Sif Muna [*****.]
Gold:   7674       SH: 18    Dex: 31    Spells: 36/46 levels left

rFire    + + .     SeeInvis .   b - +7 trident "Conservator" {antimagic, +Rage rF+ Dex+4 Stlth+}
rCold    + . .     Faith    .   j - +3 buckler {rC+ rF+}
rNeg     + . .     Spirit   .   I - +2 robe {Will+}
rPois    +         Reflect  +   K - +2 hood of the Assassin {Detection Stab+ Stlth++}
rElec    +         Harm     .   F - +2 cloak
rCorr    +         Rampage  .   z - +2 pair of gloves
Will     +++..                  (boots currently unavailable) Stlth **++++++++
                                P - amulet "Huthrastu" {Reflect Dex+4 SH+5}
HPRegen  0.00/turn              h - ring "Radamy" {rN+ Dex+6}
MPRegen  0.11/turn              N - ring of the Leaf {Drain rElec rPois rCorr Int+5}

@: inhibited regen, diseased, studying Hexes, very quick
A: nimble swimmer 2, mertail, low mp 2, inhibited regeneration
}: 2/15 runes: decaying, serpentine
a: Renounce Religion, Evoke Berserk Rage, Channel Magic, Forget Spell, Divine
Exegesis


You were on level 2 of the Abyss.
You worshipped Sif Muna.
Sif Muna was extremely pleased with you.
You visited 13 branches of the dungeon, and saw 49 of its levels.
You visited the Abyss 1 time.
You visited 1 bazaar.
You also visited: Sewer, Gauntlet and Ice Cave.

You collected 9783 gold pieces.
You spent 2109 gold pieces at shops.

Inventory:

Hand Weapons
 b - the +7 trident "Conservator" (weapon) {antimagic, +Rage rF+ Dex+4 Stlth+}
   (You bought it in a shop on level 2 of the Orcish Mines)

   It reduces the magical energy of the wielder, and disrupts the spells and
   magical abilities of those it strikes.
   Natural abilities and divine invocations are not affected.
   Dex:       It affects your dexterity (+4).
   rF:        It protects you from fire.
   +Rage:     It lets you go berserk.
   Stlth:     It makes you more stealthy.
 c - the +3 battleaxe of the Shining Light {freeze, Fly Stlth+}
   (You found it on level 3 of the Crypt)

   It freezes those it strikes, dealing additional cold damage.
   It can also slow down cold-blooded creatures.
   Fly:       It grants you flight.
   Stlth:     It makes you more stealthy.
Armour
 j - a +3 buckler of resistance (worn)
 z - a +2 pair of gloves (worn)
 F - a +2 cloak (worn)
 I - a +2 robe of willpower (worn)
 K - the +2 hood of the Assassin (worn) {Detection Stab+ Stlth++}
   (You found it on level 3 of the Crypt)

   It allows the wearer to sense nearby creatures.
   It allows the wearer to make particularly effective stabbing attacks against
   helpless or unaware enemies with any weapon.
   Stlth:     It makes you much more stealthy.
 M - the +0 pair of boots of Mental Paralysis (melded) {Stlth+}
   (You found it in a Gauntlet)

   Stlth:     It makes you more stealthy.
Jewellery
 h - the ring "Radamy" (left hand) {rN+ Dex+6}
   (You found it on level 10 of the Dungeon)

   [ring of dexterity]

   Dex:       It affects your dexterity (+6).
   rN:        It protects you from negative energy.
 N - the ring of the Leaf (right hand) {Drain rElec rPois rCorr Int+5}
   (You found it on level 11 of the Dungeon)

   [ring of resist corrosion]

   Int:       It affects your intelligence (+5).
   rElec:     It insulates you from electricity.
   rPois:     It protects you from poison.
   rCorr:     It protects you from acid and corrosion.
   Drain:     It drains your maximum health when unequipped.
 P - the amulet "Huthrastu" (around neck) {Reflect Dex+4 SH+5}
   (You found it in an ice cave)

   [amulet of reflection]

   It reflects blocked missile attacks.
   Dex:       It affects your dexterity (+4).
   SH:        It affects your SH (+5).
Wands
 d - a wand of polymorph (30)
 o - a wand of mindburst (18)
 t - a wand of flame (75)
 y - a wand of acid (29)
 D - a wand of charming (14)
 G - a wand of digging (2)
 J - a wand of iceblast (49)
 Z - a wand of paralysis (28)
Scrolls
 a - 3 scrolls of fog
 q - a scroll of enchant armour
 s - 7 scrolls of teleportation
 A - a scroll of silence
 B - 3 scrolls of enchant weapon
 E - 5 scrolls of vulnerability
 O - 12 scrolls of magic mapping
 R - a scroll of summoning
 T - 6 scrolls of fear
Potions
 e - 9 potions of attraction
 f - 4 potions of lignification
 g - 4 potions of cancellation
 i - 14 potions of curing
 k - 2 potions of resistance
 l - 5 potions of might
 n - 11 potions of brilliance
 x - 8 potions of invisibility
 Q - 6 potions of haste
 Y - 7 potions of ambrosia
Miscellaneous
 p - a condenser vane (inert)
 v - a phial of floods
 w - a phantom mirror
 H - a tin of tremorstones (2/2)
 S - a box of beasts
 U - a lightning rod (4/4)
 V - a piece from Xom's chessboard (15/15)


   Skills:
 + Level 23.1 Fighting
 - Level 16.0 Polearms
 - Level 2.0 Throwing
 O Level 27 Dodging
 + Level 17.9 Stealth
 - Level 15.0 Shields
 + Level 10.0 Spellcasting
 + Level 13.3 Summonings
 + Level 9.0 Air Magic
 - Level 1.4 Earth Magic
 + Level 20.0 Evocations


You had 36 spell levels left.
You knew the following spells:

 Your Spells              Type           Power      Damage    Failure   Level
a - Airstrike             Air            16%        N/A       2%          4
b - Shadow Creatures      Summ           N/A        N/A       7%          6

Your spell library contained the following spells:

 Spells                   Type           Power      Damage    Failure   Level
 Shock                    Conj/Air       76%        1d7       1%          1
 Summon Small Mammal      Summ           100%       N/A       1%          1
 Call Imp                 Summ           44%        N/A       1%          2
 Call Canine Familiar     Summ           44%        N/A       1%          3
 Summon Guardian Golem    Hex/Summ       25%        N/A       1%          3
 Swiftness                Air            32%        N/A       1%          3
 Summon Lightning Spire   Summ/Air       38%        N/A       1%          4
 Corpse Rot               Necr/Air       N/A        N/A       2%          2
 Poisonous Vapours        Pois/Air       38%        N/A       2%          2
 Static Discharge         Conj/Air       19%        N/A       2%          2
 Animate Armour           Summ/Erth      54%        N/A       4%          4
 Sandblast                Erth           22%        2d7       6%          1
 Summon Ice Beast         Ice/Summ       25%        N/A       7%          4
 Mephitic Cloud           Conj/Pois/Air  15%        N/A       9%          3
 Animate Skeleton         Necr           14%        N/A       11%         1
 Apportation              Tloc           14%        N/A       11%         1
 Beastly Appendage        Tmut           14%        N/A       11%         1
 Corona                   Hex            7%         N/A       11%         1
 Foxfire                  Conj/Fire      28%        2x1d5     11%         1
 Freeze                   Ice            28%        1d5       11%         1
 Magic Dart               Conj           28%        1d4       11%         1
 Pain                     Necr           28%        1d5       11%         1
 Sting                    Tmut/Pois      28%        1d4       11%         1
 Passwall                 Tmut/Erth      7%         N/A       12%         2
 Blink                    Tloc           N/A        N/A       16%         2
 Ensorcelled Hibernation  Hex/Ice        14%        N/A       16%         2
 Searing Ray              Conj           14%        3d3       16%         2
 Slow                     Hex            7%         N/A       16%         2
 Sublimation of Blood     Necr           3%         N/A       16%         2
 Wereblood                Tmut           7%         N/A       16%         2
 Summon Forest            Summ/Tloc      12%        N/A       19%         5
 Summon Mana Viper        Hex/Summ       25%        N/A       19%         5
 Stone Arrow              Conj/Erth      18%        3d8       24%         3
 Confusing Touch          Hex            7%         N/A       30%         3
 Conjure Flame            Conj/Fire      7%         6-21      30%         3
 Dazzling Flash           Conj/Hex       14%        N/A       30%         3
 Frozen Ramparts          Ice            14%        1d3       30%         3
 Gell's Gravitas          Tloc           3%         N/A       30%         3
 Ignite Poison            Fire/Tmut/Pois 7%         N/A       30%         3
 Inner Flame              Hex/Fire       7%         N/A       30%         3
 Lesser Beckoning         Tloc           3%         N/A       30%         3
 Ozocubu's Armour         Ice            7%         N/A       30%         3
 Portal Projectile        Hex/Tloc       14%        N/A       30%         3
 Spider Form              Tmut/Pois      3%         N/A       30%         3
 Teleport Other           Tloc           7%         N/A       30%         3
 Tukima's Dance           Hex            7%         N/A       30%         3
 Vampiric Draining        Necr           3%         2d6       30%         3
 Monstrous Menagerie      Summ           22%        N/A       36%         7
 Summon Hydra             Summ           22%        N/A       36%         7
 Lightning Bolt           Conj/Air       9%         1d22      41%         5
 Silence                  Hex/Air        9%         N/A       41%         5
 Leda's Liquefaction      Hex/Erth       4%         N/A       61%         4
 Petrify                  Tmut/Erth      9%         N/A       61%         4
 Freezing Cloud           Conj/Ice/Air   7%         6-21      63%         5
 Animate Dead             Necr           3%         N/A       71%         4
 Cause Fear               Hex            3%         N/A       71%         4
 Dispel Undead            Necr           7%         3d8       71%         4
 Fulminant Prism          Conj/Hex       3%         3d6       71%         4
 Hailstorm                Conj/Ice       7%         3d4       71%         4
 Ice Form                 Ice/Tmut       7%         N/A       71%         4
 Iskenderun's Mystic Bla  Conj/Tloc      7%         2d4       71%         4
 Olgreb's Toxic Radiance  Pois           7%         N/A       71%         4
 Passage of Golubria      Tloc           N/A        N/A       71%         4
 Sticky Flame             Conj/Fire      7%         2d3       71%         4
 Lee's Rapid Deconstruct  Erth           5%         3d7*      85%         5
 Borgnjor's Vile Clutch   Necr/Erth      4%         N/A       91%         5
 Bolt of Magma            Conj/Fire/Erth 4%         4d5       94%         5
 Conjure Ball Lightning   Conj/Air       9%         3x3d6     94%         6
 Alistair's Intoxication  Tmut/Pois      4%         N/A       96%         5
 Blade Hands              Tmut           3%         N/A       96%         5
 Excruciating Wounds      Necr           3%         N/A       96%         5
 Fireball                 Conj/Fire      3%         3d4       96%         5
 Irradiate                Conj/Tmut      3%         3d15      96%         5
 Iskenderun's Battlesphe  Conj           7%         2d6       96%         5
 Manifold Assault         Tloc           7%         N/A       96%         5
 Metabolic Englaciation   Hex/Ice        3%         N/A       96%         5
 Yara's Violent Unravell  Hex/Tmut       3%         3d4       96%         5
 Summon Horrible Things   Summ           22%        N/A       96%         8
 Haunt                    Necr/Summ      12%        N/A       99%         7
 Malign Gateway           Summ/Tloc      12%        N/A       99%         7
 Spellforged Servitor     Conj/Summ      12%        N/A       99%         7
 Death Channel            Necr           3%         N/A       100%        6
 Eringya's Noxious Bog    Tmut/Pois      3%         N/A       100%        6
 Invisibility             Hex            3%         N/A       100%        6
 Iron Shot                Conj/Erth      4%         9d2       100%        6
 Starburst                Conj/Fire      3%         6d3       100%        6
 Statue Form              Tmut/Erth      6%         N/A       100%        6
 Dragon Form              Tmut           3%         N/A       100%        7
 Ozocubu's Refrigeration  Ice            3%         4d5       100%        7
 Storm Form               Tmut/Air       9%         N/A       100%        7
 Discord                  Hex            3%         N/A       100%        8
 Infestation              Necr           3%         N/A       100%        8
 Lehudib's Crystal Spear  Conj/Erth      4%         10d3      100%        8
 Maxwell's Capacitive Co  Air            16%        ∞         100%        8
 Chain Lightning          Conj/Air       9%         3d12      100%        9
 Death's Door             Necr           3%         N/A       100%        9
 Dragon's Call            Summ           22%        N/A       100%        9
 Fire Storm               Conj/Fire      3%         8d1       100%        9
 Polar Vortex             Ice            3%         N/A       100%        9
 Shatter                  Erth           5%         3d8*      100%        9


Dungeon Overview and Level Annotations

Branches:
Dungeon (15/15)            Temple (1/1) D:4            Lair (6/6) D:11
  Swamp (4/4) Lair:2        Snake (4/4) Lair:4        Slime (2/5) Lair:6
    Orc (2/2) D:10            Elf (3/3) Orc:2        Vaults (5/5) D:14
  Crypt (3/3) Vaults:2       Tomb (1/3) Crypt:3      Depths (2/5) D:15
   Hell (visited)           Sewer (visited)           IceCv (visited)
Gauntlet (visited)
    Dis: Hell:1         Geh: Hell:1         Coc: Hell:1         Tar: Hell:1

Altars:
Ashenzari
Cheibriados
Dithmenos
Elyvilon
Fedhas
Gozag
Hepliaklqana
Kikubaaqudgha
Makhleb
Nemelex Xobeh
Okawaru
Qazlal
Ru
Sif Muna
Trog
Uskayaw
Vehumet
Wu Jian
Xom
Yredelemnul
Zin
The Shining One
Beogh
Jiyva

Shops:
D:1 =   D:5 (   D:12 (   Orc:2 !([(   Snake:4 ([(   Vaults:2 [   Vaults:4 *=!

Portals:
Hell: Depths:1 Depths:2
Abyss: Depths:1 Depths:2
Pandemonium: Depths:1
Ziggurat: Depths:2

Annotations:
Snake:1 Nikola
Depths:2 1 runed translucent door, Sojobo; WaxSun's ghost, veteran OgFE


Innate Abilities, Weirdness & Mutations

You are quick and stealthy near water. (Stealth+, EV+, Speed+++)
Your lower body shifts to a powerful aquatic tail in water.
Your magical capacity is very low. (-20% MP)
You do not regenerate when monsters are visible.


Message History

You tail-slap the large abomination, but do no damage.
The large abomination is severely damaged.
You hit the large abomination. You tail-slap the large abomination.
The large abomination is severely damaged.
You block the large abomination's attack.
You hit the large abomination.
You tail-slap the large abomination, but do no damage.
The large abomination is almost destroyed.
You block the white imp's attack.
You impale the large abomination!!
You destroy the large abomination!
Sif Muna accepts your kill. You block the white imp's attack.
The +0 pair of boots of Mental Paralysis {Stlth+} unmelds from your body.
The large abomination completely misses you.
You puncture the white imp!
You kill the white imp!
Sif Muna accepts your kill.
Your legs become a tail as you enter the water.
The +0 pair of boots of Mental Paralysis {Stlth+} melds into your body.
You block the large abomination's attack.
The large abomination completely misses you.
You barely miss the large abomination. You hit the large abomination.
Your tail-slap misses the large abomination.
The large abomination is lightly damaged.
You block the large abomination's attack.
You hit the large abomination. You tail-slap the large abomination.
The large abomination is moderately damaged.
The ancient zyme completely misses you. You block the ancient zyme's attack.
You puncture the large abomination!
You tail-slap the large abomination, but do no damage.
The large abomination is heavily damaged.
The large abomination completely misses you.
You block the ancient zyme's attack. The ancient zyme completely misses you.
You feel ill.
You puncture the large abomination! You tail-slap the large abomination.
The large abomination is almost destroyed.
The large abomination hits you!!
You die...

≈ ≈ ≈≈≈.
♣♣♣♣♣♣♣♣♣≈≈≈.≈≈.≈
♣♣.♣.....≈.≈≈≈.≈..
♣.≈...≈≈≈≈♣≈.≈....
#♣≈≈...≈≈≈.≈≈♣≈≈.♣
♣ ≈..≈≈.≈≈≈≈≈≈.≈♣
♣........≈.≈≈≈.♣ ♣
♣≈......X.#.♣
♣≈♣≈..≈@x..♣
♣♣♣♣♣♣♣♣.≈♣♣ .≈..♣
{ ♣....≈. ♣♣...≈♣♣
♣♣≈.≈≈ ♣♣.≈♣♣ ♣♣♣♣


You could see an ancient zyme and a large abomination.

Vanquished Creatures
  A dread lich (Vaults:5)
  Khufu (Crypt:3)
  Vashnia (Snake:2)
  Xtahua (Crypt:2)
  Geryon (Hell)
  A profane servitor (Crypt:3)
  Jory (Vaults:5)
  A bone dragon (Crypt:3)
  Jorgrun (Swamp:2)
  Rupert (D:13)
  4 tentacled monstrosities
  5 liches
  5 titans
  2 deep elf blademasters
  2 deep elf master archers (Elf:3)
  3 acid blobs (Slime:1)
  The ghost of dtburroughs the Severer, an adept MiBe of Trog (Swamp:3)
  2 quicksilver dragons (Vaults:4)
  6 ancient champions
  10 sphinxes
  Gastronok (Orc:1)
  A tentacled starspawn (Abyss:2)
  3 shadow dragons
  Frances (Lair:2)
  3 thorn hunters
  5 tengu reavers
  A revenant (Crypt:3)
  Kirke (Swamp:2)
  A storm dragon (Vaults:5)
  A fenstrider witch (Swamp:1)
  Roxanne (Swamp:1)
  4 fire giants
  4 nagarajas (Snake:4)
  5 frost giants
  5 deep elf sorcerers (Elf:3)
  20 vault wardens
  An iron dragon (Vaults:4)
  The ghost of COBRA the Severer, a journeyman HOFi of Okawaru (Snake:3)
  Aizul (Swamp:2)
  A cacodemon (Depths:1)
  2 curse skulls (Crypt:1)
  4 spectral caustic shrikes (Depths:1)
  8 ghouls
  A juggernaut zombie (Crypt:1)
  A reaper (Hell)
  23 very ugly things
  2 quicksilver oozes
  4 war gargoyles
  9 stone giants
  22 ironbound preservers
  5 vampire knights
  6 deep elf demonologists
  A minotaur (Gauntlet)
  6 deep elf annihilators
  6 bunyips
  2 spectral titans (Vaults:1)
  An entropy weaver (D:14)
  A juggernaut skeleton (Crypt:2)
  Azrael (Snake:1)
  6 dire elephants
  5 eleionomae
  12 ettins
  A crystal guardian (Vaults:4)
  A blizzard demon (Depths:1)
  3 mummy priests
  2 eidola (Crypt:1)
  A shambling mangrove (Swamp:3)
  14 jiangshi
  16 deep elf death magi
  The ghost of Egaleve the Thaumaturge, a journeyman DjFE of Ru (D:12)
  5 deep elf high priests
  The ghost of Houndtax the Covert, a journeyman NaSu of Cheibriados (D:10)
  17 yaktaur captains
  8 fire dragons
  34 vault guards
  10 naga warriors
  8 great orbs of eyes
  2 salamander tyrants (Snake:4)
  A spectral shadow dragon (Vaults:1)
  2 peacekeepers (Vaults:4)
  10 ironbound thunderhulks
  9 ice dragons
  A hell beast (Depths:1)
  Erolcha (D:10)
  5 rakshasas
  17 hydras
  4 ironbound frosthearts
  13 anacondas
  4 catoblepae (Lair:6)
  3 ogre magi
  2 ghost crabs
  A spectral sphinx (Vaults:1)
  6 boulder beetles
  17 centaur warriors
  6 alligators
  8 two-headed ogres
  4 spriggan air magi
  5 death knights
  Erica (D:10)
  10 death scarabs (Tomb:1)
  2 deep troll shamans
  A spectral frost giant (Vaults:1)
  7 ironbound beastmasters
  28 dancing weapons
  A hell hog (Gauntlet)
  7 death yaks (Lair:6)
  5 orc high priests
  3 deep troll earth magi
  A spriggan berserker (Depths:2)
  2 tengu warriors (Depths:1)
  Urug (Lair:2)
  A thrashing horror (Abyss:2)
  6 shock serpents
  3 vampire magi
  10 naga sharpshooters
  Sonja (D:13)
  A titan zombie (Hell)
  15 deep elf knights
  2 sun demons (Depths:1)
  A titan skeleton (Tomb:1)
  5 hell knights (Vaults:3)
  4 soul eaters
  A spatial maelstrom (Abyss:2)
  A sixfirhy (Depths:1)
  5 salamander mystics
  An iron troll (Depths:1)
  12 goliath frogs
  A shadow demon (Elf:2)
  3 shadow wraiths
  3 swamp dragons
  56 skeletal warriors
  A golden dragon zombie (Crypt:2)
  59 deep trolls
  9 naga ritualists
  5 necromancers
  9 spriggan druids
  6 flayed ghosts
  4 wizards
  A wolf spider zombie (D:10)
  3 harpies
  18 deep elf archers
  3 glowing orange brains
  16 ironbound convokers
  6 lindwurms
  33 deep elf zephyrmancers
  Pikel (D:8)
  10 orc knights
  11 phantasmal warriors
  6 bog bodies
  A spectral ettin (Vaults:1)
  25 deep elf pyromancers
  6 mana vipers
  8 orc sorcerers
  A fire giant zombie (Depths:1)
  A spectral wolf spider (Crypt:3)
  4 will-o-the-wisps
  A wolf spider (Vaults:4)
  A manticore (shapeshifter) (Vaults:4)
  49 ugly things
  A spectral centaur (D:10)
  5 cyclopes
  2 tengu skeletons
  5 manticores
  A spectral fire dragon (Crypt:3)
  A shining eye (Slime:2)
  The ghost of ZARRMARR the Insei, a novice OpTm of Ru (D:5)
  10 salamanders
  6 guardian serpents
  5 naga magi
  2 ice statues (IceCv)
  An iron dragon skeleton (Hell)
  3 rust devils
  Maurice (D:10)
  8 elephants
  2 dire elephant zombies
  30 black mambas
  A water nymph (shapeshifter) (Depths:1)
  3 centaur zombies
  A stone giant skeleton (Crypt:1)
  8 cane toads
  13 vault sentinels
  A storm dragon simulacrum (Crypt:3)
  2 orange demons (Hell)
  9 smoke demons (Hell)
  2 molten gargoyles (Depths:1)
  A torpor snail (Lair:6)
  A cane toad (shapeshifter) (D:15)
  A gargoyle (D:9)
  A minotaur zombie (Crypt:2)
  An unseen horror (D:12)
  4 kobold demonologists
  Maggie (D:6)
  11 rime drakes
  10 komodo dragons
  A black draconian zombie (Crypt:2)
  A hellion (Depths:1)
  14 freezing wraiths
  41 yaktaurs
  A spriggan skeleton (Depths:2)
  A tormentor (Depths:1)
  2 ancient zymes (Abyss:2)
  The ghost of Icepheonix32 the Covert, a novice KoWr (D:5)
  4 tengu conjurers
  A queen bee (Gauntlet)
  3 hydra zombies
  2 ice devils (Depths:1)
  A wolf spider simulacrum (D:15)
  A tengu simulacrum (Depths:1)
  15 guardian mummies
  9 trolls
  3 bloated husks
  A catoblepas skeleton (Crypt:1)
  3 polar bears
  14 tyrant leeches
  14 hornets
  11 blink frogs
  A sphinx simulacrum (Vaults:1)
  A slime creature (shapeshifter) (Vaults:5)
  A raiju (shapeshifter) (D:13)
  75 slime creatures
  3 stone giant simulacra
  A dream sheep (shapeshifter) (Depths:2)
  2 fire giant simulacra
  A fire dragon zombie (Crypt:1)
  A spriggan zombie (Depths:2)
  An ettin skeleton (Depths:2)
  57 flying skulls
  2 air elementals
  A tarantella (shapeshifter) (D:15)
  3 centaur simulacra
  A redback (Vaults:1)
  A frost giant simulacrum (Depths:1)
  4 vampires
  14 spriggans
  A fire dragon skeleton (Crypt:1)
  5 shadows
  An ice dragon skeleton (Hell)
  2 wyverns
  An alligator skeleton (Crypt:3)
  A redback (shapeshifter) (Vaults:4)
  2 ushabtiu (Tomb:1)
  A basilisk (shapeshifter) (D:14)
  16 wraiths
  9 fire elementals
  4 hogs (Swamp:2)
  8 water elementals
  A ynoxinul (Gauntlet)
  Eustachio (D:4)
  60 yaks
  5 basilisks
  4 fire bats (Gauntlet)
  A yaktaur simulacrum (Vaults:1)
  A steam dragon (D:8)
  A fire bat (shapeshifter) (D:11)
  6 vampire mosquitoes
  7 swamp worm simulacra (Swamp:4)
  4 large abominations
  A human zombie (Depths:1)
  A warg (Orc:2)
  26 swamp worms
  Edmund (D:6)
  22 nagas
  6 hell hounds
  A cane toad zombie (Crypt:1)
  A spatial vortex (Abyss:2)
  11 water moccasins
  15 hydra simulacra (Swamp:4)
  A black bear (shapeshifter) (D:13)
  A torturous demonspawn skeleton (Crypt:1)
  A snapping turtle zombie (Abyss:2)
  39 orc warriors
  3 sky beasts
  3 black bears
  An ice beast (D:5)
  A swamp drake (Snake:3)
  An ettin simulacrum (Vaults:1)
  9 necrophages
  4 small abominations
  A fire dragon simulacrum (Hell)
  7 ogres
  4 boggarts
  11 centaurs
  18 wolves
  A blink frog skeleton (Crypt:1)
  An elf simulacrum (Vaults:1)
  A rime drake zombie (Crypt:1)
  A lemure (D:8)
  4 phantoms
  11 kobold brigands
  2 gnoll sergeants
  A cyclops zombie (Crypt:1)
  13 bullfrogs
  2 scorpions
  2 earth elementals
  12 killer bees
  A water moccasin skeleton (Crypt:2)
  4 lindwurm simulacra (IceCv)
  An electric eel (Elf:3)
  3 wights (D:8)
  A yak skeleton (Crypt:2)
  2 howler monkeys
  The ghost of hawla the Sneak, a weakling DEDe (D:5)
  A bullfrog zombie (D:6)
  3 jellies
  6 komodo dragon simulacra (IceCv)
  A gnoll shaman (D:6)
  A hound (D:6)
  26 orc priests
  A bullfrog skeleton (D:7)
  2 iron imps (Gauntlet)
  4 iguanas
  30 orc wizards
  A human skeleton (Crypt:1)
  A statue (D:14)
  A killer bee zombie (D:7)
  6 ogre zombies (D:10)
  A hound zombie (D:5)
  5 mummies (Tomb:1)
  10 acid dragon simulacra (IceCv)
  9 adders
  16 gnolls
  A naga simulacrum (Crypt:1)
  A river rat (Sewer)
  2 white imps
  A swamp drake simulacrum (Swamp:4)
  An ufetubus (D:7)
  A steam dragon simulacrum (IceCv)
  A worm zombie (Crypt:2)
  An adder skeleton (D:4)
  A worm (D:3)
  2 dart slugs
  93 orcs
  12 endoplasms
  A giant cockroach (D:2)
  5 goblins
  5 hobgoblins
  12 jackals
  36 kobolds
  4 quokkas
  9 ball pythons
  5 bats
  4 frilled lizards
  3 goblin skeletons (D:10)
  2 goblin zombies (D:10)
  A hobgoblin skeleton (D:10)
  A hobgoblin zombie (D:10)
  4 orc skeletons (D:10)
  8 orc zombies (D:10)
  6 rats
2194 creatures vanquished.

Vanquished Creatures (collateral kills)
  Mennas (Vaults:2)
  The ghost of thromnambular the Immaculate, an adept GnWn of Zin (Vaults:1)
  2 nagarajas (Snake:4)
  The ghost of Ypsiuj the Thaumaturge, an adept GnSk of Makhleb (Swamp:1)
  A vault warden (Vaults:5)
  A deep elf sorcerer (Vaults:5)
  6 very ugly things
  An entropy weaver (Elf:3)
  3 yaktaur captains
  2 vault guards (Vaults:4)
  A naga warrior (Snake:4)
  A boulder beetle (Vaults:4)
  An ironbound frostheart (Vaults:3)
  2 ice dragons
  A deep troll shaman (Depths:2)
  2 naga sharpshooters (Snake:4)
  A sixfirhy (Depths:1)
  4 sun demons (Depths:1)
  An ironbound convoker (Vaults:3)
  A shadow demon (Elf:2)
  4 ugly things
  A black mamba (Snake:4)
  2 yaktaurs
  2 nagas
  A hell hound (Depths:1)
  2 orc warriors (Orc:2)
  2 ogres (Orc:2)
  An orc priest (Orc:2)
  An orc (Orc:2)
50 creatures vanquished.

Vanquished Creatures (others)
  A deep elf demonologist (Elf:3)
  A deep elf annihilator (Elf:3)
  An ogre mage (Vaults:5)
  A deep elf knight (Elf:3)
  A swamp dragon (Swamp:4)
  A bog body (Swamp:1)
  A deep elf zephyrmancer (Elf:2)
  A deep elf pyromancer (Elf:2)
  A salamander (Snake:1)
  A rime drake (IceCv)
  2 bloated husks (Swamp:1)
  2 spriggans (Swamp:3)
  A hog (Swamp:2)
  2 swamp worms
  A naga (Snake:4)
  2 orcs
  A briar patch (Swamp:2)
  16 foxfires
  21 fungi
  18 plants
  2 starspawn tentacles (Abyss:2)
  5 withered plants
83 creatures vanquished.

Grand Total: 2327 creatures vanquished

Notes
Turn   | Place    | Note
-------+----------+-------------------------------------------
     0 | D:1      | ZARRMARR the Merfolk Gladiator began the quest for the Orb.
     0 | D:1      | Reached XP level 1. HP: 16/16 MP: 1/1
    26 | D:1      | Reached skill level 5 in Polearms
    26 | D:1      | Reached XP level 2. HP: 3/22 MP: 2/2
   355 | D:1      | Reached XP level 3. HP: 13/27 MP: 3/3
   738 | D:1      | Found Wyummocs's Jewellery Emporium.
  1013 | D:2      | Noticed an ogre
  1034 | D:2      | Killed an ogre
  1035 | D:2      | Reached XP level 4. HP: 12/33 MP: 4/4
  1035 | D:2      | Reached XP level 5. HP: 13/38 MP: 5/5
  2094 | D:3      | Found a faded altar of an unknown god.
  2959 | D:4      | Noticed Eustachio
  3023 | D:5      | Entered Level 5 of the Dungeon
  3066 | D:5      | Noticed an ice beast
  3078 | D:5      | Killed an ice beast
  3079 | D:5      | Reached XP level 6. HP: 44/44 MP: 4/6
  3149 | D:5      | Reached skill level 10 in Polearms
  3228 | D:5      | Reached XP level 7. HP: 10/50 MP: 7/7
  3305 | D:5      | Found a glowing drain.
  3335 | Sewer    | Entered a sewer
  4144 | D:5      | Found Wuasm's Weapon Emporium.
  4521 | D:5      | Reached XP level 8. HP: 53/56 MP: 8/8
  4680 | D:5      | Found a runed translucent gate.
  4682 | D:5      | Found a runed translucent gate.
  4684 | D:5      | Found a runed translucent gate.
  4733 | D:5      | Noticed Icepheonix32's ghost (novice KoWr)
  4733 | D:5      | Noticed hawla's ghost (weakling DEDe)
  4736 | D:5      | Noticed ZARRMARR's ghost (novice OpTm)
  5176 | D:4      | Found a staircase to the Ecumenical Temple.
  5197 | Temple   | Entered the Ecumenical Temple
  5396 | Temple   | Became a worshipper of Sif Muna the Loreminder
  5605 | D:4      | Killed Eustachio
  6381 | D:6      | Noticed Maggie
  6453 | D:6      | Killed Maggie
  6454 | D:6      | Reached skill level 7 in Dodging
  6854 | D:6      | Reached XP level 9. HP: 61/61 MP: 9/9
  6864 | D:6      | Reached skill level 8 in Dodging
  6961 | D:6      | Reached skill level 9 in Dodging
  7032 | D:6      | Noticed Edmund
  7047 | D:6      | Killed Edmund
  7729 | D:7      | Reached skill level 1 in Stealth
  7984 | D:7      | Reached * piety under Sif Muna
  8411 | D:7      | Reached skill level 10 in Dodging
  9390 | D:8      | Reached skill level 15 in Polearms
  9636 | D:8      | Reached XP level 10. HP: 71/71 MP: 10/10
  9733 | D:8      | Reached ** piety under Sif Muna
  9771 | D:8      | Noticed Pikel
  9780 | D:8      | Killed Pikel
  9934 | D:8      | Reached skill level 11 in Dodging
  9941 | D:8      | Noticed a two-headed ogre
 10328 | D:9      | Reached *** piety under Sif Muna
 11368 | D:9      | Found an iron altar of Okawaru.
 11434 | D:9      | Reached skill level 5 in Fighting
 11637 | D:9      | Noticed a two-headed ogre
 11648 | D:9      | Killed a two-headed ogre
 11649 | D:9      | Reached skill level 5 in Stealth
 11672 | D:9      | Noticed a white ugly thing
 11686 | D:9      | Killed a white ugly thing
 11687 | D:9      | Reached skill level 12 in Dodging
 11687 | D:9      | Reached XP level 11. HP: 68/81 MP: 11/11
 12014 | D:8      | Killed a two-headed ogre
 12697 | D:5      | Killed hawla's ghost
 12704 | D:5      | Killed ZARRMARR's ghost
 12712 | D:5      | Killed Icepheonix32's ghost
 12964 | D:10     | Entered Level 10 of the Dungeon
 12985 | D:10     | Noticed Erolcha
 13836 | D:9      | Found an iron altar of Okawaru.
 13880 | D:9      | Found an iron altar of Okawaru.
 15094 | D:10     | Identified the ring "Radamy" {rN+ Dex+6}
 15148 | D:10     | Found a runed translucent gate.
 15148 | D:10     | Found a runed translucent gate.
 15148 | D:10     | Found a runed translucent gate.
 15149 | D:10     | Noticed Maurice
 15163 | D:10     | Killed Maurice
 15164 | D:10     | Reached **** piety under Sif Muna
 15301 | D:10     | Reached skill level 13 in Dodging
 15421 | D:10     | Found a staircase to the Orcish Mines.
 15518 | D:10     | Noticed Houndtax's ghost (journeyman NaSu)
 15738 | D:10     | Noticed Erica
 15752 | D:10     | Killed Erica
 15922 | D:10     | Killed Erolcha
 15959 | D:10     | Found a staircase to the Orcish Mines.
 16426 | Orc:1    | Entered Level 1 of the Orcish Mines
 16426 | Orc:1    | Noticed Gastronok
 16437 | Orc:1    | Killed Gastronok
 16438 | Orc:1    | Reached XP level 12. HP: 68/94 MP: 12/12
 16687 | Orc:1    | Reached skill level 14 in Dodging
 17089 | Orc:1    | Found a burning altar of Makhleb.
 17136 | Orc:1    | Reached ***** piety under Sif Muna
 17574 | Orc:1    | Received a gift from Sif Muna
 17575 | Orc:1    | Got Sif Muna's Disquisition on Enchantment and Dark Rites
                  | {god gift}
 18120 | Orc:1    | Found a burning altar of Makhleb.
 18395 | Orc:2    | Entered Level 2 of the Orcish Mines
 18402 | Orc:2    | Reached skill level 10 in Stealth
 19181 | Orc:2    | Found a staircase to the Elven Halls.
 19935 | Orc:2    | Reached skill level 10 in Fighting
 20215 | Orc:2    | Noticed an orc high priest
 20224 | Orc:2    | Killed an orc high priest
 21155 | Orc:2    | Noticed an orc high priest
 21224 | Orc:2    | Reached skill level 15 in Dodging
 21400 | Orc:2    | Killed an orc high priest
 21925 | Orc:2    | Noticed a soul eater
 21996 | Orc:2    | Reached XP level 13. HP: 20/104 MP: 13/13
 22976 | Orc:2    | Found Bagu Qax's Antique Weapon Boutique.
 22982 | Orc:2    | Found Foreo's Antique Armour Shoppe.
 22986 | Orc:2    | Found Habajeu's Distillery.
 22987 | Orc:2    | Found Akhayluc's Antique Weapon Shoppe.
 23008 | Orc:2    | Bought a potion of mutation for 96 gold pieces
 23048 | Orc:2    | Bought a potion of heal wounds for 60 gold pieces
 23048 | Orc:2    | Bought a potion of heal wounds for 60 gold pieces
 23048 | Orc:2    | Bought a potion of cancellation for 96 gold pieces
 23061 | Orc:2    | Bought a masterwork trident for 306 gold pieces
 23061 | Orc:2    | Identified the +7 trident "Conservator" {antimagic, +Rage
                  | rF+ Dex+4 Stlth+} (You bought it in a shop on level 2 of
                  | the Orcish Mines)
 23693 | D:10     | Found a staircase to the Orcish Mines.
 23749 | D:10     | Killed Houndtax's ghost
 23750 | D:10     | Reached skill level 1 in Evocations
 24194 | D:10     | Found a staircase to the Orcish Mines.
 24655 | D:11     | Found a frozen archway.
 24679 | IceCv    | Entered an ice cave
 25387 | IceCv    | Noticed an ice dragon
 25626 | IceCv    | Received a gift from Sif Muna
 25627 | IceCv    | Got Opna's Almanac of Shifting Poisoning {god gift}
 25763 | IceCv    | Killed an ice dragon
 25764 | IceCv    | Reached skill level 16 in Dodging
 25974 | IceCv    | Identified the amulet "Huthrastu" {Reflect Dex+4 SH+5}
 26185 | D:11     | Found a staircase to the Lair.
 26318 | D:11     | Reached skill level 1 in Shields
 26318 | D:11     | Identified the amulet "Etzen" {Acrobat Rampage *Slow rC+
                  | Dex+2}
 26595 | D:11     | Found a blossoming altar of Fedhas.
 26959 | D:11     | Identified the ring of the Leaf {Drain rElec rPois rCorr
                  | Int+5}
 27239 | D:11     | Reached XP level 14. HP: 115/115 MP: 4/14
 27767 | Lair:1   | Entered Level 1 of the Lair of Beasts
 28645 | Lair:2   | Found a gate leading to a gauntlet.
 28657 | Gauntlet | Entered a Gauntlet
 28657 | Gauntlet | Found a transporter.
 28665 | Gauntlet | Found a transporter.
 28672 | Gauntlet | Found a transporter.
 28687 | Gauntlet | Found a transporter.
 28692 | Gauntlet | Found a transporter.
 28707 | Gauntlet | Found a transporter.
 28726 | Gauntlet | Found a transporter.
 28738 | Gauntlet | Found a transporter.
 28744 | Gauntlet | Found a transporter.
 28759 | Gauntlet | Found a transporter.
 28767 | Gauntlet | Found a large runed translucent door.
 28768 | Gauntlet | Found a large runed translucent door.
 28769 | Gauntlet | Found a large runed translucent door.
 28769 | Gauntlet | Found a large runed translucent door.
 28770 | Gauntlet | Found a runed translucent gate.
 28771 | Gauntlet | Found a transporter.
 28771 | Gauntlet | Found a runed translucent gate.
 28772 | Gauntlet | Found a runed translucent gate.
 28773 | Gauntlet | Found a large runed translucent door.
 28773 | Gauntlet | Found a large runed translucent door.
 28773 | Gauntlet | Found a runed translucent door.
 28773 | Gauntlet | Found a runed translucent door.
 28774 | Gauntlet | Found a large runed translucent door.
 28775 | Gauntlet | Found a large runed translucent door.
 28777 | Gauntlet | Found a transporter.
 28777 | Gauntlet | Found a transporter.
 28782 | Gauntlet | Found a large runed translucent door.
 28782 | Gauntlet | Found a large runed translucent door.
 28783 | Gauntlet | Found a large runed translucent door.
 28784 | Gauntlet | Found a large runed translucent door.
 28792 | Gauntlet | Found a transporter.
 28794 | Gauntlet | Found a large runed translucent door.
 28794 | Gauntlet | Found a large runed translucent door.
 28795 | Gauntlet | Found a large runed translucent door.
 28796 | Gauntlet | Found a large runed translucent door.
 28798 | Gauntlet | Found a transporter.
 28837 | Gauntlet | Found a transporter.
 28864 | Gauntlet | Found a transporter.
 29070 | Gauntlet | Found a transporter.
 29264 | Gauntlet | Identified the +0 pair of boots of Mental Paralysis
                  | {Stlth+}
 29316 | Gauntlet | Reached skill level 5 in Evocations
 29478 | Gauntlet | Got the Collected Works on Beguiling and Fire
 30092 | Lair:2   | Noticed Urug
 30117 | Lair:2   | Killed Urug
 30264 | Lair:2   | Found a staircase to the Swamp.
 31683 | Lair:4   | Reached skill level 17 in Dodging
 31859 | Lair:4   | You fall into a shaft and drop 1 floor!
 31902 | Lair:5   | Reached skill level 5 in Shields
 32466 | Lair:4   | You fall into a shaft and drop 2 floors!
 32466 | Lair:6   | Entered Level 6 of the Lair of Beasts
 32499 | Lair:6   | Identified the +2 chain mail of the Thunderstorm {rF- rC+
                  | rN+ Slay+3}
 32723 | Lair:6   | Reached XP level 15. HP: 89/123 MP: 5/15
 33187 | Lair:4   | Found a staircase to the Snake Pit.
 33861 | Lair:4   | Found a staircase to the Snake Pit.
 35258 | Lair:5   | Received a gift from Sif Muna
 35270 | Lair:5   | Got Sif Muna's Reference Book on Combat Magic and
                  | Orientation {god gift}
 35790 | Lair:6   | Identified the +2 cloak of Acregot {rPois rC+ Str-4 Slay+4}
 35796 | Lair:6   | Identified a scroll of acquirement
 35797 | Lair:6   | Acquired a manual of Dodging
 35911 | Lair:6   | Found a runed translucent door.
 35911 | Lair:6   | Found a viscous altar of Jiyva.
 35914 | Lair:6   | Found a staircase to the Slime Pits.
 36768 | Lair:6   | Reached skill level 18 in Dodging
 38139 | Elf:1    | Entered Level 1 of the Elven Halls
 38885 | Elf:1    | Found the necklace of Bloodlust {*Rage +Rage Will++ Int-3
                  | Slay+6}
 39361 | Elf:1    | Paralysed by an air elemental for 1 turns
 39369 | Elf:1    | Received a gift from Sif Muna
 39374 | Elf:1    | Reached XP level 16. HP: 132/132 MP: 5/16
 39890 | Elf:1    | Got Sif Muna's Grimoire of Frigorific Ignition {god gift}
 40168 | Elf:1    | Reached skill level 19 in Dodging
 41409 | Elf:2    | Reached skill level 15 in Stealth
 42154 | Elf:2    | Found a radiant altar of Vehumet.
 42245 | Elf:2    | Found a runed translucent gate.
 42246 | Elf:2    | Found a runed translucent gate.
 42246 | Elf:2    | Found a runed translucent gate.
 42612 | Elf:2    | Found a shimmering blue altar of Sif Muna.
 43450 | Elf:2    | Identified the amulet of Kovvi {RegenMP Int+4 Slay-2}
 43664 | Elf:2    | Noticed a deep elf blademaster
 43717 | Elf:3    | Entered Level 3 of the Elven Halls
 44020 | Elf:3    | Reached skill level 20 in Dodging
 44581 | Elf:3    | Acquired 805 gold pieces
 44686 | Elf:3    | Reached XP level 17. HP: 140/140 MP: 5/17
 44697 | Elf:3    | Noticed a deep elf blademaster
 44700 | Elf:3    | a deep elf blademaster changed into an entropy weaver
 44706 | Elf:3    | Noticed a deep elf blademaster
 44709 | Elf:3    | Reached skill level 10 in Evocations
 44714 | Elf:3    | Noticed a deep elf master archer
 45248 | Swamp:1  | Entered Level 1 of the Swamp
 45274 | Swamp:1  | Noticed Frances
 45416 | Snake:1  | Entered Level 1 of the Snake Pit
 45637 | Snake:1  | Noticed Azrael
 45775 | Snake:1  | Noticed Nikola
 45833 | Snake:1  | Killed Azrael
 45834 | Snake:1  | Reached skill level 15 in Fighting
 46935 | D:12     | Found Huedaw's Weapon Boutique.
 47305 | D:12     | Found a runed translucent door.
 47305 | D:12     | Noticed Egaleve's ghost (journeyman DjFE)
 47338 | D:12     | Received a gift from Sif Muna
 47370 | D:12     | Got Sif Muna's Disquisition on the Icy Escort {god gift}
 47618 | D:12     | Killed Egaleve's ghost
 47620 | D:12     | Identified the -6 pair of gloves of Muttered Phrases {rF+}
 47691 | D:13     | Noticed Rupert
 47724 | D:13     | Killed Rupert
 47725 | D:13     | Reached skill level 21 in Dodging
 47725 | D:13     | Reached skill level 10 in Shields
 48711 | D:13     | Noticed Sonja
 48717 | D:13     | Killed Sonja
 48805 | D:14     | Found a basalt altar of Yredelemnul.
 48922 | D:14     | Found a radiant altar of Vehumet.
 49551 | D:14     | Found a gate to the Vaults.
 49806 | D:15     | Entered Level 15 of the Dungeon
 49852 | D:15     | Found a glowing golden altar of the Shining One.
 49937 | D:15     | Reached XP level 18. HP: 149/149 MP: 6/18
 49964 | D:15     | Received a gift from Sif Muna
 50582 | D:15     | Paralysed by a great orb of eyes for 6 turns
 50667 | D:15     | Found a staircase to the Depths.
 51296 | Lair:2   | Killed Frances
 51655 | Lair:2   | Reached skill level 22 in Dodging
 52167 | Swamp:1  | Noticed Roxanne
 52368 | Swamp:1  | Found a runed translucent door.
 52373 | Swamp:1  | Noticed Ypsiuj's ghost (adept GnSk)
 52669 | Swamp:1  | Killed Ypsiuj's ghost
 53126 | Swamp:1  | Killed Roxanne
 53449 | Swamp:2  | Noticed Jorgrun
 53468 | Swamp:2  | Noticed Kirke
 53657 | Snake:1  | Received a gift from Sif Muna
 53658 | Snake:1  | Got Sif Muna's Almanac of Ensnaring Flight {god gift}
 54661 | Snake:2  | Noticed Vashnia
 55161 | Snake:2  | Killed Vashnia
 55184 | Snake:2  | Found a flickering gateway to a bazaar.
 55190 | Bazaar   | Entered a bazaar
 55666 | Bazaar   | Found Vinuete's Armour Boutique.
 55670 | Bazaar   | Found Riungum's Jewellery Boutique.
 55670 | Bazaar   | Found Lietoruwy's Distillery.
 55671 | Bazaar   | Found Qegapooska's Assorted Antiques.
 55676 | Bazaar   | Bought a potion of ambrosia for 72 gold pieces
 55676 | Bazaar   | Bought a potion of heal wounds for 45 gold pieces
 55676 | Bazaar   | Bought a potion of heal wounds for 45 gold pieces
 55676 | Bazaar   | Bought a potion of heal wounds for 45 gold pieces
 55676 | Bazaar   | Bought a potion of heal wounds for 45 gold pieces
 55676 | Bazaar   | Bought a potion of haste for 90 gold pieces
 55676 | Bazaar   | Bought a potion of invisibility for 72 gold pieces
 55676 | Bazaar   | Bought a potion of haste for 90 gold pieces
 55709 | Bazaar   | Bought a scroll of identify for 68 gold pieces
 55709 | Bazaar   | Bought a scroll of teleportation for 102 gold pieces
 55709 | Bazaar   | Bought a scroll of teleportation for 102 gold pieces
 55709 | Bazaar   | Bought a potion of ambrosia for 272 gold pieces
 55709 | Bazaar   | Bought a scroll labelled KAIMAM VU YCUC for 34 gold pieces
 55709 | Bazaar   | Bought a scroll of identify for 68 gold pieces
 55878 | Snake:2  | Reached XP level 19. HP: 153/158 MP: 6/19
 56383 | Snake:2  | Identified the +3 leather armour "Bingunoagg" {Str+6}
 57120 | Snake:3  | Received a gift from Sif Muna
 57121 | Snake:3  | Got Lahy's Catalogue of Damage Dealing and the Rocks {god
                  | gift}
 57732 | Snake:3  | Found a large runed translucent door.
 57732 | Snake:3  | Found a large runed translucent door.
 57732 | Snake:3  | Noticed COBRA's ghost (journeyman HOFi)
 58204 | Snake:3  | Killed COBRA's ghost
 58245 | Snake:3  | Identified the +11 dagger of Uncomfortable Rashes {spect,
                  | rElec rC+ Str-4}
 58253 | Snake:3  | Identified the +0 kite shield "Beze" {Harm Fly}
 58313 | Snake:4  | Entered Level 4 of the Snake Pit
 58360 | Snake:4  | Found Otyng's Antique Armour Boutique.
 58805 | Snake:4  | Found Teeheobo's Weapon Shop.
 59585 | Snake:4  | Reached skill level 23 in Dodging
 59791 | Snake:4  | Received a gift from Sif Muna
 60747 | Snake:4  | Got a serpentine rune of Zot
 60789 | Snake:4  | Found Ighucw's Weapon Shoppe.
 60990 | Snake:4  | Found Otyng's Antique Armour Boutique.
 61026 | Snake:4  | Found Teeheobo's Weapon Shop.
 61232 | Snake:4  | Found Ighucw's Weapon Shoppe.
 61379 | Snake:4  | Found Otyng's Antique Armour Boutique.
 61494 | Snake:4  | Found Teeheobo's Weapon Shop.
 61658 | Snake:4  | Found Ighucw's Weapon Shoppe.
 62681 | Elf:2    | Reached XP level 20. HP: 168/168 MP: 6/20
 63541 | Elf:3    | Identified the +4 dagger of Valuable Assets {drain, rC-
                  | rCorr Stlth+}
 63563 | Elf:3    | Identified the +8 scythe of the Foremost Ears {drain,
                  | *Noise rF+ rC++}
 64257 | Elf:3    | Identified the +7 shadow dragon scales of Sinyeh {rN+ Will+
                  | rCorr Slay-6 Stlth++++}
 64661 | Elf:3    | Received a gift from Sif Muna
 64665 | Elf:3    | Got Sif Muna's Almanac of Damaging Execration {god gift}
 65161 | Swamp:2  | Killed Jorgrun
 65335 | Swamp:2  | Killed Kirke
 65576 | Swamp:2  | Noticed Aizul
 65598 | Swamp:2  | Killed Aizul
 66377 | Swamp:3  | Found a runed translucent gate.
 66377 | Swamp:3  | Found a runed translucent gate.
 66377 | Swamp:3  | Found a runed translucent gate.
 66389 | Swamp:3  | Noticed dtburroughs's ghost (adept MiBe)
 66638 | Swamp:3  | Reached skill level 24 in Dodging
 66807 | Swamp:3  | Found the +10 tower shield of Ignorance {rN+ Int-4}
 67539 | Swamp:3  | Killed dtburroughs's ghost
 67540 | Swamp:3  | Reached XP level 21. HP: 132/177 MP: 7/21
 67904 | Swamp:4  | Entered Level 4 of the Swamp
 68578 | Swamp:4  | Received a gift from Sif Muna
 68980 | Swamp:4  | Identified the +3 scale mail of Refuge {Int+6 Dex-2}
 69694 | Swamp:4  | Got a decaying rune of Zot
 70455 | Vaults:1 | Entered Level 1 of the Vaults
 71741 | Vaults:1 | Received a gift from Sif Muna
 71742 | Vaults:1 | Reached skill level 15 in Evocations
 71742 | Vaults:1 | Got Enkest's Reference Book on Battle Magic {god gift}
 72356 | Vaults:1 | Identified the +8 quarterstaff of Varur {protect, rElec}
 72756 | Vaults:1 | Reached skill level 15 in Shields
 72998 | Vaults:1 | Found a runed translucent gate.
 72998 | Vaults:1 | Found a runed translucent gate.
 72999 | Vaults:1 | Found a runed translucent gate.
 72999 | Vaults:1 | Noticed thromnambular's ghost (adept GnWn)
 74065 | Vaults:1 | Killed thromnambular's ghost
 75746 | Vaults:2 | Reached XP level 22. HP: 187/187 MP: 7/22
 76058 | Vaults:2 | Reached skill level 25 in Dodging
 76568 | Vaults:2 | Received a gift from Sif Muna
 76569 | Vaults:2 | Got Sif Muna's Guide on Ashen Changing {god gift}
 77435 | Vaults:2 | Found Faeqoigg's Armour Shop.
 77628 | Vaults:2 | Found a staircase to the Crypt.
 78435 | Vaults:3 | Received a gift from Sif Muna
 78443 | Vaults:3 | Got Egire's Almanac of Cankerous Summoning {god gift}
 79744 | Vaults:3 | Reached XP level 23. HP: 196/196 MP: 7/23
 79835 | Vaults:3 | Reached skill level 26 in Dodging
 80754 | Vaults:3 | Received a gift from Sif Muna
 80764 | Vaults:3 | Reached ****** piety under Sif Muna
 81205 | Vaults:4 | Found Neumary's General Store.
 82476 | Vaults:4 | Found Holi's Distillery.
 82484 | Vaults:4 | Bought a potion of invisibility for 88 gold pieces
 82484 | Vaults:4 | Bought a potion of haste for 110 gold pieces
 82484 | Vaults:4 | Bought a potion of heal wounds for 55 gold pieces
 82484 | Vaults:4 | Bought a potion of invisibility for 88 gold pieces
 82537 | Vaults:4 | Found Woclevvy's Jewellery Shoppe.
 83122 | Vaults:5 | Entered Level 5 of the Vaults
 83247 | Vaults:4 | Received a gift from Sif Muna
 83614 | Vaults:4 | Got Sif Muna's Reference Book on Aerial Curses {god gift}
 83625 | Vaults:5 | Noticed Jory
 84066 | Vaults:5 | Noticed a dread lich
 84515 | Slime:1  | Entered Level 1 of the Pits of Slime
 87815 | Slime:2  | Reached XP level 24. HP: 208/208 MP: 7/23
 88474 | Crypt:1  | Entered Level 1 of the Crypt
 88592 | Crypt:1  | Reached skill level 1 in Summonings
 88700 | Crypt:1  | Reached skill level 1 in Spellcasting
 88707 | Crypt:1  | Reached skill level 1 in Earth Magic
 88901 | Crypt:1  | Received a gift from Sif Muna
 88902 | Crypt:1  | Got Sif Muna's Handbook of Intoxication and Weightlessness
                  | {god gift}
 88935 | Crypt:1  | Reached skill level 27 in Dodging
 89110 | Crypt:1  | Noticed Mennas
 89160 | Vaults:2 | Killed Mennas
 89411 | Crypt:1  | Reached skill level 1 in Air Magic
 90090 | Crypt:1  | Identified the +5 scimitar of Cobwebs {drain, rF+}
 90114 | Crypt:1  | Found a basalt altar of Yredelemnul.
 90700 | Crypt:1  | Reached skill level 5 in Summonings
 90830 | Crypt:2  | Noticed Xtahua
 91276 | Depths:1 | Entered Level 1 of the Depths
 91940 | Depths:1 | Found a one-way gate leading to the halls of Pandemonium.
 92480 | Depths:1 | Received a gift from Sif Muna
 92488 | Depths:1 | Got Fujavvyu's Catalogue of the Snowflakes and Beguiling
                  | {god gift}
 92740 | Depths:1 | Found a gateway to Hell.
 93325 | Depths:1 | Identified the +7 mace of the Key {drain, rPois}
 93477 | Depths:1 | Found a one-way gate to the infinite horrors of the Abyss.
 93608 | Depths:1 | Found a stormy altar of Qazlal.
 94179 | Depths:2 | Found a gateway to a ziggurat.
 94229 | Depths:2 | Noticed Sojobo
 94267 | Depths:2 | Reached skill level 5 in Spellcasting
 94563 | Depths:2 | Found a runed translucent door.
 94564 | Depths:2 | Noticed WaxSun's ghost (veteran OgFE)
 94604 | Depths:2 | Found a burning altar of Makhleb.
 94802 | Depths:2 | Found a shadowy altar of Dithmenos.
 94844 | Depths:2 | Reached XP level 25. HP: 214/214 MP: 10/30
 95205 | Depths:2 | Learned a level 4 spell: Airstrike
 95212 | Depths:2 | Learned a level 6 spell: Shadow Creatures
 95311 | Depths:2 | Paralysed by a vampire knight for 6 turns
 96505 | Depths:2 | Found a runed translucent door.
 96537 | Depths:2 | Found a shadowy altar of Dithmenos.
 96791 | Vaults:5 | Killed a dread lich
 96792 | Vaults:5 | Reached skill level 5 in Air Magic
 96868 | Vaults:5 | Killed Jory
 96981 | Vaults:5 | Received a gift from Sif Muna
 97051 | Vaults:4 | Reached skill level 10 in Summonings
 98474 | Vaults:4 | Found Holi's Distillery.
 98732 | Vaults:4 | Found Neumary's General Store.
 99096 | Vaults:4 | Found Woclevvy's Jewellery Shoppe.
 99459 | Vaults:4 | Found Neumary's General Store.
 99596 | Vaults:4 | Found Woclevvy's Jewellery Shoppe.
 99704 | Vaults:4 | Found Holi's Distillery.
102307 | Vaults:5 | Identified the +7 flail of Crusades {protect, Int+3}
102316 | Vaults:5 | Identified the +1 broad axe of World Downfall {pain, SInv}
102454 | Vaults:4 | Received a gift from Sif Muna
102473 | Vaults:4 | Got Sif Muna's Tome of Ensnaring Transmutation {god gift}
102743 | Vaults:5 | Reached XP level 26. HP: 226/226 MP: 11/34
103107 | Vaults:4 | Found Holi's Distillery.
103364 | Vaults:4 | Found Neumary's General Store.
103670 | Vaults:4 | Found Woclevvy's Jewellery Shoppe.
104213 | Crypt:2  | Killed Xtahua
106194 | Crypt:3  | Entered Level 3 of the Crypt
106531 | Crypt:3  | Found a basalt altar of Yredelemnul.
106551 | Crypt:3  | Received a gift from Sif Muna
106554 | Crypt:3  | Got Sif Muna's Almanac of the Mountains and Enchantment
                  | {god gift}
108434 | Crypt:3  | Found the +2 hood of the Assassin {Detection Stab+ Stlth++}
109655 | Crypt:3  | Identified the ring of Miracles {rN+ rCorr Str+2 Int+3}
109655 | Crypt:3  | Identified the ring of Uludghemu {rN+ MP+9}
109655 | Crypt:3  | Identified the ring "Kutuesse" {rElec rC- rN+ Str+7 Int+7}
109738 | Crypt:3  | Identified the +3 battleaxe of the Shining Light {freeze,
                  | Fly Stlth+}
109800 | Crypt:3  | Identified the +0 leather armour of Gozag's Vengeance
                  | {Contam rPois rC+++}
109869 | Crypt:3  | Found a staircase to the Tomb.
109869 | Crypt:3  | Noticed Khufu
110247 | Crypt:3  | Killed Khufu
110480 | Crypt:3  | Identified the +3 spear "Ruat" {vorpal, Int+3}
110525 | Tomb:1   | Entered Level 1 of the Tomb of the Ancients
110845 | Tomb:1   | Received a gift from Sif Muna
110846 | Tomb:1   | Got Sif Muna's Disquisition on Sinister Rituals {god gift}
110880 | Tomb:1   | Paralysed by a sphinx for 6 turns
112669 | Tomb:1   | Noticed a royal mummy
113286 | Hell     | Entered the Vestibule of Hell
113286 | Hell     | Noticed Geryon
113289 | Hell     | Killed Geryon
113290 | Hell     | Reached XP level 27. HP: 235/235 MP: 12/36
113686 | Depths:1 | Gained mutation: You are weak. (Str -2) [a cacodemon]
113688 | Depths:1 | Gained mutation: You are frail. (-10% HP) [a cacodemon]
113714 | Depths:1 | Lost mutation: You are weak. (Str -2) [potion of mutation]
113714 | Depths:1 | Gained mutation: You have very sharp teeth. [potion of
                  | mutation]
113714 | Depths:1 | Gained mutation: You evolve. [potion of mutation]
113715 | Depths:1 | Lost mutation: You are frail. (-10% HP) [potion of
                  | mutation]
113715 | Depths:1 | Lost mutation: You evolve. [potion of mutation]
113715 | Depths:1 | Gained mutation: Armour fits poorly on your strangely
                  | shaped body. [potion of mutation]
113715 | Depths:1 | Gained mutation: You are occasionally teleported next to
                  | monsters. [potion of mutation]
113716 | Depths:1 | Lost mutation: Armour fits poorly on your strangely shaped
                  | body. [potion of mutation]
113716 | Depths:1 | Lost mutation: You are occasionally teleported next to
                  | monsters. [potion of mutation]
113716 | Depths:1 | Lost mutation: You have very sharp teeth. [potion of
                  | mutation]
113716 | Depths:1 | Gained mutation: You occasionally shout uncontrollably at
                  | your foes. [potion of mutation]
113716 | Depths:1 | Gained mutation: You passively dampen the noise of your
                  | surroundings. [potion of mutation]
113716 | Depths:1 | Gained mutation: You are robust. (+10% HP) [potion of
                  | mutation]
113716 | Depths:1 | Gained mutation: You are partially covered in iridescent
                  | scales. (AC +2) [potion of mutation]
113717 | Depths:1 | Lost mutation: You are partially covered in iridescent
                  | scales. (AC +2) [potion of mutation]
113717 | Depths:1 | Lost mutation: You passively dampen the noise of your
                  | surroundings. [potion of mutation]
113717 | Depths:1 | Gained mutation: You frequently scream uncontrollably at
                  | your foes. [potion of mutation]
113717 | Depths:1 | Gained mutation: You have supernaturally acute eyesight.
                  | (SInv) [potion of mutation]
113717 | Depths:1 | Gained mutation: You have a pair of small horns on your
                  | head. [potion of mutation]
113718 | Depths:1 | Lost mutation: You are robust. (+10% HP) [potion of
                  | mutation]
113718 | Depths:1 | Lost mutation: You frequently scream uncontrollably at your
                  | foes. [potion of mutation]
113718 | Depths:1 | Lost mutation: You have a pair of small horns on your head.
                  | [potion of mutation]
113718 | Depths:1 | Gained mutation: Your body sometimes deteriorates upon
                  | taking damage. [potion of mutation]
113718 | Depths:1 | Gained mutation: Your magical capacity is low. (-10% MP)
                  | [potion of mutation]
113719 | Depths:1 | Lost mutation: You occasionally shout uncontrollably at
                  | your foes. [potion of mutation]
113719 | Depths:1 | Gained mutation: Your magical capacity is very low. (-20%
                  | MP) [potion of mutation]
113720 | Depths:1 | Lost mutation: You have supernaturally acute eyesight.
                  | (SInv) [potion of mutation]
113720 | Depths:1 | Lost mutation: Your body sometimes deteriorates upon taking
                  | damage. [potion of mutation]
113720 | Depths:1 | Gained mutation: You do not regenerate when monsters are
                  | visible. [potion of mutation]
113720 | Depths:1 | Gained mutation: You are frail. (-10% HP) [potion of
                  | mutation]
113720 | Depths:1 | Gained mutation: Your muscles are strong. (Str +2) [potion
                  | of mutation]
113721 | Depths:1 | Lost mutation: You are frail. (-10% HP) [potion of
                  | mutation]
113721 | Depths:1 | Lost mutation: Your muscles are strong. (Str +2) [potion of
                  | mutation]
113721 | Depths:1 | Gained mutation: Your muscles are strong. (Str +2) [potion
                  | of mutation]
113721 | Depths:1 | Gained mutation: Your muscles are very strong. (Str +4)
                  | [potion of mutation]
113722 | Depths:1 | Lost mutation: Your magical capacity is very low. (-20% MP)
                  | [potion of mutation]
113722 | Depths:1 | Lost mutation: Your muscles are very strong. (Str +4)
                  | [potion of mutation]
113722 | Depths:1 | Lost mutation: Your muscles are strong. (Str +2) [potion of
                  | mutation]
113722 | Depths:1 | Gained mutation: Your magical capacity is very low. (-20%
                  | MP) [potion of mutation]
113955 | Hell     | Received a gift from Sif Muna
113978 | Hell     | Cast into level 2 of the Abyss (reaper)
113996 | Abyss:2  | Reached skill level 10 in Spellcasting
114073 | Abyss:2  | Found a corrupted altar of Lugonu.
114155 | Abyss:2  | Paralysed by a great orb of eyes for 3 turns
114167 | Abyss:2  | HP: 11/235 [thrashing horror (6)]
114173 | Abyss:2  | HP: 9/235 [thrashing horror (2)]
114239 | Abyss:2  | Demolished by a large abomination

Illustrated notes

Levels and vault maps discovered:
D:1:      lightli_arrival_lavapool, layout_rooms, serial_shops, shop
D:2:      layout_basic, nrook_campfire, minmay_between
D:3:      layout_basic, chequers_ecumenical_altar_island
D:4:      layout_loops_ring, minmay_temple_entry_nine_rooms, uniq_eustachio
D:5:      layout_cave_pods, gammafunk_ghost_cemetery, serial_shops, shop_statue,
          gup_sewer_entry_bowl
D:6:      layout_basic, uniq_edmund, uniq_maggie
D:7:      layout_rooms
D:8:      layout_loops_ring, corexii_checkpoint_a, nrook_mini_backslash,
          uniq_pikel
D:9:      layout_roguey [special_room_orc], okawaru_metal_pillars_1_2
D:10:     layout_roguey, zombieorc1_lemuel, gammafunk_ghost_necromancy,
          minmay_holes, uniq_erolcha, uniq_maurice, uniq_erica
D:11:     minmay_the_grid_3x2 [minmay_the_grid_mess, minmay_the_grid_fan,
          minmay_the_grid_tri_star, minmay_the_grid_large_cup,
          minmay_the_grid_box_x, minmay_the_grid_prize_four_corners_diamond_b],
          layout_basic, portal_ice_cave_rime, fedhas_altar_3
D:12:     layout_rooms, gammafunk_ghost_grave, serial_shops, nicolae_square_shop
D:13:     layout_loops_ring, uniq_sonja, uniq_rupert
D:14:     layout_basic, hangedman_vaults_entry_quadrant_bands,
          yredelemnul_altar_generic, vehumet_statue
D:15:     gammafunk_enter_depths_forms, layout_rooms,
          chequers_serial_rivers_small_b, tso_metal_star
Temple:   kilobyte_greek_temple
Lair:1:   layout_regular_city, st_stairs_3, bh_autumn_forest_stairs,
          chequers_serial_rivers_small_b, grunt_megastairs_2
Lair:2:   layout_cave_pods, palyth_hydra_swamp_entry, gauntlet_entry_generic,
          serial_bayou_shore_a, uniq_urug
Lair:3:   layout_regular_city
Lair:4:   layout_roguey, minmay_snake_entry_guardpost_small
Lair:5:   layout_gridlike, serial_bayou_pond_e
Lair:6:   evilmike_catoblepas_cave, layout_cave_pods, slime_altar_2,
          minmay_lair_drake_nest
Swamp:1:  layout_basic_swamp, ebering_ghost_inner_flame,
          evilmike_swamp_ruin_house_2, uniq_frances, uniq_roxanne
Swamp:2:  layout_falls_marsh, evilmike_swamp_ruin_house_5,
          nicolae_swamp_no_escape, infiniplex_staircase_pool_2, uniq_jorgrun,
          uniq_aizul, uniq_kirke
Swamp:3:  layout_basic_swamp, gammafunk_ghost_split, evilmike_swamp_ruin_house_4
Swamp:4:  swamp_icy, layout_basic_swamp
Snake:1:  layout_rooms, uniq_azrael, uniq_nikola
Snake:2:  layout_onion, serial_shops, bzr_entry_safe, uniq_vashnia
Snake:3:  onia_ninara_swampy_vault, layout_cave_pods,
          ebering_ghost_disaster_area, st_stairs_2
Snake:4:  grunt_snake_rune_serpentine_throne, layout_grid_shapes, serial_shops,
          shop, nicolae_shop_crystal, nicolae_shop_trees
Slime:1:  cheibrodos_slime_lost_civilization_3, layout_caves
Slime:2:  layout_caves
Orc:1:    cheibrodos_orc_arena, layout_caves, bloody_makhleb, uniq_gastronok
Orc:2:    st_orc_elflike, layout_diamond_mine
Elf:1:    layout_onion_city, minivault_28
Elf:2:    nicolae_elf_blades_crystal_corner, layout_onion_city, basic_altar,
          hangedman_summoners_spam
Elf:3:    elf_hall, layout_geoelf_castle
Vaults:1: gammafunk_vaults_ghost_necromancy, nicolae_vaults_network_barrier,
          v_misc_27, v_rooms_6, nicolae_vaults_quartermaster, vaults_room_pool,
          hangedman_vaults_maws, layout_vaults_omnigrid
Vaults:2: minmay_crypt_entry_vampire_xt, ontoclasm_vaults_eye,
          hangedman_vaults_snaps, vaults_mumra_hexcomb, serial_ice_m,
          hangedman_vaults_locks, hangedman_vaults_stagger,
          nicolae_vaults_circle_grid_a, nicolae_vaults_windows_and_doors_thing,
          ontoclasm_vaults_tryst, nicolae_vaults_theta, kb_rosetta,
          vaults_room_pools, vaults_dpeg_doors, vaults_room_grid,
          layout_vaults_maze, serial_shops, shop_coins
Vaults:3: v_misc_24, v_alt_pattern_1, ontoclasm_vaults_ring_large,
          nicolae_vaults_border_crossing, v_rooms_1, v_misc_19,
          nicolae_vaults_little_squares_2, dpeg_vaults_monster_box,
          ontoclasm_vaults_loading_screen, v_misc_30, vaults_dpeg_diagonal,
          nicolae_vaults_specimen_jars, hangedman_vaults_impose,
          vaults_room_corners, layout_vaults_ring
Vaults:4: nicolae_vaults_little_squares_1, vaults_mumra_minichess_inversion,
          vaults_room_door_ring, ontoclasm_vaults_decontamination,
          vaults_room_guarded_vault, ontoclasm_vaults_loading_screen,
          grunt_vaults_diagonal, vaults_room_semicircle, v_pattern_5,
          ontoclasm_vaults_twist, vaults_dpeg_encased_lava,
          layout_vaults_chaotic_city, serial_shops, nicolae_lakefront_shop,
          shop, nicolae_square_shop
Vaults:5: uniq_jory
Crypt:1:  layout_chaotic_city, basic_altar, uniq_mennas, uniq_margery
Crypt:2:  layout_catacombs, uniq_xtahua
Crypt:3:  grunt_crypt_end_deaths_head
Tomb:1
Depths:1: layout_basic, rand_demon_pan_entry_3, pf_hell_entry_tar_river,
          abyss_entry, serial_sigils_hangedman_stare, corexii_leaking_fountain,
          nicolae_qazlal_eye_of_the_storm
Depths:2: minmay_box_of_statues, layout_cave_shapes, enter_ziggurat_e,
          ebering_ghost_reflecting_pool, lemuel_tele_altar, hell_entry,
          abyss_entry_glasseish, grunt_dithmenos_smoke_and_mirrors,
          infiniplex_staircase_pillars_3a, uniq_sojobo
Hell
Abyss:2:  base: Swamp:2, evilmike_abyss_exit_11, evilmike_abyss_exit_11

Skill      XL: |  1  2  3  4  5  6  7  8  9 10 11 12 13 14 15 16 17 18 19 20 21 22 23 24 25 26 27 |
---------------+----------------------------------------------------------------------------------+-----
Polearms       | 5 6 8 9 10 12 14 15 16 | 16.0
Dodging        | 7 10 12 13 15 16 17 18 20 21 22 23 24 25 26 27 | 27.0
Stealth        | 3 5 9 11 12 13 14 15 16 17 | 17.9
Fighting       | 3 6 8 10 12 13 14 15 16 17 18 19 20 21 22 23 | 23.1
Evocations     | 4 6 8 9 11 12 13 14 15 16 17 18 19 20 | 20.0
Shields        | 2 5 7 9 10 11 12 14 15 | 15.0
Summonings     | 8 11 13 | 13.3
Spellcasting   | 5 7 9 10 | 10.0
Earth Magic    | 1 |  1.4
Air Magic      | 4 6 8 9 |  9.0
Throwing       | |  2.0

Action                   |  1- 3 |  4- 6 |  7- 9 | 10-12 | 13-15 | 16-18 | 19-21 | 22-24 | 25-27 || total
-------------------------+-------+-------+-------+-------+-------+-------+-------+-------+-------++-------
Melee: Trident           |    96 |   110 |   302 |       |  1345 |  1634 |  2359 |  3210 |  2517 || 11573
       Tailslap          |       |       |     5 |       |    16 |    33 |    97 |    27 |    24 ||   202
       Halberd           |       |       |    53 |   707 |   153 |       |       |       |       ||   913
Throw: Throwing net      |     1 |     2 |     3 |     3 |       |       |       |       |       ||     9
       Dart              |       |    15 |    62 |   234 |    78 |       |       |       |       ||   389
       Javelin           |       |       |    11 |    23 |    22 |    25 |       |       |       ||    81
       Boomerang         |       |       |       |     5 |     2 |       |       |       |       ||     7
 Cast: Shadow Creatures  |       |       |       |       |       |       |       |       |     1 ||     1
 Abil: Evoke Berserk Rag |       |       |       |       |    36 |    74 |    78 |    75 |    69 ||   332
Evoke: Wand              |       |       |       |     4 |     3 |    15 |     9 |    27 |    20 ||    78
       Condenser vane    |       |       |       |       |       |    10 |     9 |     4 |     3 ||    26
       Box of beasts     |       |       |       |       |       |     7 |     4 |     6 |     4 ||    21
       Lightning rod     |       |       |       |       |       |     7 |     5 |       |       ||    12
       Phantom mirror    |       |       |       |       |       |     5 |     1 |     1 |     1 ||     8
       Phial of floods   |       |       |       |       |       |     2 |     1 |     1 |     1 ||     5
       Tin of tremorston |       |       |       |       |       |       |       |       |     2 ||     2
  Use: Scroll            |     1 |     4 |     6 |    10 |     9 |    24 |    14 |     2 |    12 ||    82
       Potion            |       |     1 |       |     3 |     8 |     5 |     5 |     3 |    16 ||    41
 Stab: Held in net/web   |     1 |       |     1 |     2 |       |       |       |       |       ||     4
       Sleeping          |       |       |     5 |    17 |    51 |    58 |    41 |    60 |    29 ||   261
       Distracted        |       |       |       |     5 |     8 |    14 |    27 |    12 |    14 ||    80
       Fleeing           |       |       |       |     1 |       |       |       |       |       ||     1
       Petrified         |       |       |       |       |     6 |       |       |       |       ||     6
       Invisible         |       |       |       |       |       |    10 |       |       |       ||    10
       Confused          |       |       |       |       |       |       |     7 |       |       ||     7
Armor: Leather armour    |    23 |    11 |    31 |    31 |       |       |       |       |       ||    96
       Skin              |       |     3 |       |       |       |     3 |       |     3 |       ||     9
       Robe              |       |       |       |     4 |    62 |    35 |    57 |    74 |    99 ||   331
Dodge: Dodged            |    45 |    28 |    92 |   253 |   766 |   553 |   892 |  1225 |  1792 ||  5646
Block: Other             |       |       |       |       |    19 |       |       |       |       ||    19
       Buckler           |       |       |       |       |   355 |       |       |       |  1702 ||  2057
       Reflection        |       |       |       |       |    16 |   120 |   106 |    70 |    45 ||   357
       Kite shield       |       |       |       |       |    28 |  1090 |  1694 |  2284 |    64 ||  5160
